[Event "Late-Titled-Tuesday-Blitz-June-04-2024"]
[Site "Chess.com"]
[Date "2024.06.04"]
[Round "6"]
[White "jcibarra"]
[Black "crazy_but_lazy"]
[Result "1-0"]
[WhiteElo "2926"]
[BlackElo "2656"]
[TimeControl "180+1"]
[EndTime "15:06:06 PDT"]
[Termination "jcibarra won by resignation"]

1. e4 c5 2. Nf3 Nc6 3. Nc3 g6 4. d4 cxd4 5. Nxd4 Bg7 6. Be3 Nf6 7.
Bc4 O-O 8. Bb3 Re8 9. f3 e6 10. f4 d5 11. e5 Nd7 12. Qf3 f6 13. exf6 Qxf6 14. O-O-O Nc5 15. h4 Nxb3+ 16. axb3 Bd7 17. h5 g5 18. g3 h6 19. Rhf1 g4 20. Qxg4 e5 21.
Qxd7 exd4 22. Nxd5 Qf7 23. Qxf7+ Kxf7 24. Bg1 Rad8 25.
c4 dxc3 26. bxc3 Re2 27. Rf2 Re4 28. Rfd2 Rc8 29. Rd3 b5 30. Kb2 b4 31. Re3 bxc3+ 32. Kc2 Rxe3 33. Bxe3 Re8 34. Rd3 Rd8 35. Bc5 Re8 36.
Nxc3 Bf6 37. b4 Ke6 38. Re3+ Kd7 39. Rxe8 Kxe8 40. Nd5 Bd8 41. Kd3 Kd7 42. b5 Nb8 43. Bxa7 Kc8 44. Bxb8 Kxb8 1-0

[Event "Late-Titled-Tuesday-Blitz-June-04-2024"]
[Site "Chess.com"]
[Date "2024.06.04"]
[Round "6"]
[White "ZverevLev"]
[Black "Abund"]
[Result "0-1"]
[WhiteElo "2654"]
[BlackElo "2811"]
[TimeControl "180+1"]
[EndTime "15:06:07 PDT"]
[Termination "Abund won on time"]

1. e4 c6 2. d4 d5 3. e5 c5 4. dxc5 e6 5. Nf3 Bxc5 6. Bd3 f6 7. O-O Nc6 8. Re1 fxe5 9. Nxe5 Nxe5 10. Rxe5 Bxf2+ 11.
Kh1 Nf6 12. Bb5+ Kf7 13. Bg5 Rf8 14. Nc3 Kg8 15. Qd2 Qb6 16. Bxf6 Rxf6 17. Nxd5 exd5 18. Re8+ Kf7 19. Qxd5+ Kg6 20. Be2 Qc5 21. Qg8 Kh6 22. Bd3 g6 23. Qh8 Bd4 24. Qg8 Be6 25. Qxe6 Rxe6 26. Rxe6 Bxb2 27. Rf1 Rf8 28. Rb1 Qa3 29. Bc4 b6 30. h3 Bd4 31. Bb3 Qc5 32. Rbe1 Qf5 33.
R6e4 Bc5 34. Bc4 Kg7 35. Bd3 Qf6 36. Re6 Qf4 37. R6e4 Qg3 38. R4e2 Bd6 0-1

[Event "Late-Titled-Tuesday-Blitz-June-04-2024"]
[Site "Chess.com"]
[Date "2024.06.04"]
[Round "6"]
[White "Sanan_Sjugirov"]
[Black "Hasangatin_Ramil"]
[Result "1-0"]
[WhiteElo "2940"]
[BlackElo "2725"]
[TimeControl "180+1"]
[EndTime "15:06:08 PDT"]
[Termination "Sanan_Sjugirov won by resignation"]

1. e4 d5 2. exd5 Qxd5 3. Nc3 Qd6 4. d4 Nf6 5. Nf3 a6 6. g3 b5 7. Bg2 Bb7 8. O-O e6 9. Re1 Be7 10. Ne5 Bxg2 11. Kxg2 O-O 12. Qf3 Ra7 13. Bf4 Qb6 14. d5 exd5 15. Nxd5 Nxd5 16. Qxd5 Qb7 17. Rad1 Bd6 18. Qxb7 Rxb7 19. Nd3 Bxf4 20. Nxf4 c5 21. Rd6 g6 22. h4 h5 23. Nd5 Kg7 24. Nf6 Rc8 25. f3 Rc6 26. Ne8+ Kf8 27. Rd8 Rbb6 28. g4 a5 29. g5 Re6 30. Nf6+ Ke7 31. Red1 Rxf6 32. gxf6+ Kxf6 33. R1d6+ Rxd6 34. Rxd6+ Ke5 35. Rb6 Nd7 36. Rxb5 a4 37. Ra5 Kd5 38. Rxa4 Nb6 39. Ra7 Nc4 40. a4 Nxb2 41. a5 Nd1 42. a6 Kc6 43. Rxf7 1-0

[Event "Late-Titled-Tuesday-Blitz-June-04-2024"]
[Site "Chess.com"]
[Date "2024.06.04"]
[Round "6"]
[White "Alphafischer2019"]
[Black "Larax"]
[Result "0-1"]
[WhiteElo "2622"]
[BlackElo "2523"]
[TimeControl "180+1"]
[EndTime "15:06:09 PDT"]
[Termination "Larax won by checkmate"]

1. Nf3 d5 2. g3 Nc6 3. Bg2 e5 4. d3 f6 5. O-O Be6 6. Nbd2 Qd7 7. c4 d4 8. a3 a5 9. Rb1 Nh6 10. Ne4 Nf7 11. b4 axb4 12. axb4 Nxb4 13. Bd2 Nc6 14. Rxb7 Be7 15. Qb3 O-O 16. Qb5 Nfd8 17. Nc5 Bxc5 18. Nh4 Be7 19. Rb1 Ra2 20. Be1 Rxe2 21. Bd5 Kh8 22.
Nf3 f5 23. Kf1 Ra2 24. Qb3 Ra6 25. Rb5 e4 26. dxe4 fxe4 27. Bxe4 Nf7 28. Kg1 Nd6 29.
Rh5 Nxe4 30. Qd3 Bf5 31. Qe2 Bg6 32. Rd5 Qg4 33. Nxd4 Qxe2 34. Nxe2 Bd6 35. Nc3 Nxc3 36. Bxc3 Ne7 37. Rdd1 Bxb1 38. Rxb1 Rc6 39. Rb8 Rxb8 40. Kg2 Rc8 41. c5 Rxc5 42. Bd2 Rc4 43. Be3 Nd5 44. Bd2 Rc2 45. Bg5 h6 46. Kh3 hxg5 47. Kg4 Nf6+ 48. Kh3 Rxf2 49. g4 Rf3+ 50. Kg2 Rd3 51. h4 Ra8 52.
hxg5 Ra2+ 53. Kh1 Rd1# 0-1

[Event "Late-Titled-Tuesday-Blitz-June-04-2024"]
[Site "Chess.com"]
[Date "2024.06.04"]
[Round "6"]
[White "harshu27"]
[Black "jinbojinbo"]
[Result "0-1"]
[WhiteElo "2537"]
[BlackElo "2683"]
[TimeControl "180+1"]
[EndTime "15:06:12 PDT"]
[Termination "jinbojinbo won by resignation"]

1. d4 f5 2. Nc3 Nf6 3. g3 g6 4. Bg2 Bg7 5. h4 d6 6. Bg5 c6 7. Qd2 Be6 8. Bh6 Bxh6 9. Qxh6 Qb6 10. O-O-O Nbd7 11. h5 gxh5 12. Nf3 O-O-O 13. Ng5 Bc4 14. b3 Qa5 15. Kb2 Ng4 16. Qxh5 Nxf2 17. Qf3 Nxd1+ 18. Rxd1 h6 19. Nh3 Bf7 20. d5 cxd5 21. Qxf5 Rhf8 22. Nf4 Kb8 23. Qh3 Nb6 24. Qxh6 Nc4+ 25. bxc4 Qb4+ 26. Kc1 Qxc3 27. Nxd5 Bxd5 28. Bxd5 Qxg3 29. Qd2 Qa3+ 30. Kb1 Rc8 31. Ka1 Rc5 32. Rb1 b6 33. Rb3 Rf1+ 34.
Rb1 Ra5 35. c5 Rxb1+ 36. Kxb1 Qxc5 37. Bb3 Qg1+ 38. Kb2 Qg7+ 39. Kb1 Rg5 40. c3 Rg1+ 41. Kc2 Qg5 42. Bd5 Qxd2+ 43. Kxd2 Kc7 44. e3 b5 45. e4 Kb6 46. Kc2 Kc5 47. Kb3 a5 48. a4 bxa4+ 49. Kxa4 Rc1 50. Kxa5 Ra1+ 0-1

[Event "Late-Titled-Tuesday-Blitz-June-04-2024"]
[Site "Chess.com"]
[Date "2024.06.04"]
[Round "6"]
[White "ritanovikova"]
[Black "TERMINATOR_PC"]
[Result "0-1"]
[WhiteElo "2140"]
[BlackElo "2589"]
[TimeControl "180+1"]
[EndTime "15:06:12 PDT"]
[Termination "TERMINATOR_PC won by resignation"]

1. d4 f5 2. e4 fxe4 3. f3 e6 4. fxe4 Qh4+ 5. Kd2 Qxe4 6. Nf3 Nf6 7. Bd3 Qg4 8. Qe2 Be7 9. c3 b6 10. Kc2 Bb7 11.
Nbd2 O-O 12. Rf1 Nh5 13. Ne4 Nf4 14. Bxf4 Rxf4 15. h3 Qh5 16. Qe3 Rf8 17. Ne5 Nc6 18.
Nxd7 Rfd8 19. Ndf6+ gxf6 20. Rxf6 Rf8 21. Rxe6 Rae8 22. Ng3 Qf7 23. Re1 Qf2+ 24. Qxf2 Rxf2+ 25. Kb3 Na5+ 26. Ka4 Bc6+ 27. Bb5 Bxb5+ 28. Kxb5 Rxb2+ 29. Ka6 Rxa2 30. R1e2 Rxe2 31. Rxe2 Kf7 32. Kb5 Bd6 33.
Rf2+ Kg6 34. Nf5 Re1 35. Nh4+ Kg7 36. Nf5+ Kh8 37. Nxd6 cxd6 38. Kb4 Re7 39. c4 Kg7 40. c5 dxc5+ 41. dxc5 Re4+ 42. Kb5 Re5 43. Ka6 Rxc5 44. Kxa7 Rc6 45. Rb2 Nc4 46. Rb4 Kg6 47. Rb5 Rc5 48. Rb1 Kg5 49. g4 Kh4 50. Kb7 Kxh3 51. Rh1+ Kxg4 52.
Rxh7 Kf4 53. Rh4+ Ke3 54. Rh3+ Kd2 55. Rh2+ Kc3 56. Rh3+ Kb4 57. Rh4 Kb5 58. Rg4 Na5+ 59. Ka7 Rc7+ 60. Kb8 Re7 61. Rh4 Nc4 62. Rh5+ Kb4 63.
Rh4 b5 0-1

[Event "Late-Titled-Tuesday-Blitz-June-04-2024"]
[Site "Chess.com"]
[Date "2024.06.04"]
[Round "6"]
[White "meme0105"]
[Black "Arteler"]
[Result "1-0"]
[WhiteElo "1947"]
[BlackElo "2209"]
[TimeControl "180+1"]
[EndTime "15:06:15 PDT"]
[Termination "meme0105 won on time"]

1. e4 e6 2. b3 d5 3. Bb2 dxe4 4. Nc3 Nf6 5. Qe2 Be7 6. O-O-O O-O 7. d4 exd3 8. Rxd3 Qe8 9. Rh3 Qc6 10. Nf3 Bd6 11.
Nd4 Qb6 12. Na4 Qa5 13. g4 Qg5+ 14. Kb1 Nc6 15. Nxc6 bxc6 16. Rg1 Nd5 17. Rh5 Qg6 18.
Qf3 Nf4 19. Rh4 Be7 20. Qxf4 Bxh4 21. Bd3 Qg5 22. Qe4 f5 23. Qxc6 Rb8 24. Nc5 Bxf2 25. Nxe6 Bxe6 26. Qxe6+ Kh8 27. Rf1 Rbe8 28. Qd7 Re1+ 29.
Rxe1 Bxe1 30. Bc1 Qxg4 31. Qxc7 Bh4 32. Qc5 Re8 33. Bxf5 Qg5 34. Bxg5 Bxg5 35. Bd7 Re1+ 36. Kb2 Bf6+ 37. c3 Re2+ 38. Ka3 Be7 39. b4 Bxc5 40.
bxc5 Rxh2 41. Kb4 Rh5 42. Bc6 Rh6 43. a4 1-0

[Event "Late-Titled-Tuesday-Blitz-June-04-2024"]
[Site "Chess.com"]
[Date "2024.06.04"]
[Round "6"]
[White "NikitaShnadrygin"]
[Black "RantomOpening"]
[Result "1-0"]
[WhiteElo "2707"]
[BlackElo "2558"]
[TimeControl "180+1"]
[EndTime "15:06:17 PDT"]
[Termination "NikitaShnadrygin won by resignation"]

1. Nf3 e6 2. g3 d5 3. Bg2 Nf6 4. O-O Be7 5. d4 O-O 6. b3 b6 7. Bb2 Bb7 8. Nbd2 Nbd7 9. Ne5 Nxe5 10. dxe5 Ne4 11. Nxe4 dxe4 12. c4 Qxd1 13. Rfxd1 Rfd8 14. e3 f5 15. exf6 Bxf6 16. Bxf6 gxf6 17. c5 bxc5 18. Rdc1 Bd5 19. Rxc5 c6 20. Ra5 f5 21. Bf1 Kf7 22. Rc1 Rd7 23. b4 Rb8 24. a3 Ke7 25. Be2 Kd6 26. Ra6 Ke5 27. Rc5 Rb6 28. Raa5 Kd6 29.
Rc1 Rdb7 30. Kf1 h6 31. Ke1 Rh7 32. Kd2 Rc7 33. Rac5 Rcb7 34. Kc3 Rc7 35. Rd1 Rcb7 36. Rd2 Rc7 37. Kd4 Rcb7 38. Ra5 Rc7 39. Rc5 Rcb7 40. Rdc2 Rb8 41. Bc4 Bxc4 42. Kxc4 Ra6 43. Rd2+ Ke7 44. Kb3 Rd8 45. Rxd8 Kxd8 46. a4 Kd7 47. a5 Kd6 48. Kc3 Kd7 49. Kd4 Kd6 50. h4 h5 51. Kc4 e5 52.
Kb3 Ke6 53. Kc2 Kd6 54. Kd2 Ke6 55. Ke2 Kd6 56. f3 exf3+ 57. Kxf3 Ke6 58. e4 Kf6 59. Ke3 Ke6 60. Kd3 Kf6 61. exf5 Kxf5 62. Ke3 Kg4 63. Kf2 e4 64. Rxh5 c5 65. Rg5+ Kh3 66.
Rxc5 Rf6+ 67. Ke3 Rf3+ 68. Kxe4 Rxg3 69. Kd5 Kxh4 70. Rc7 Rb3 71. Rb7 Rb1 72. b5 a6 73.
bxa6 Ra1 74. Kc6 Rxa5 75. a7 Ra1 76. Kc7 Kg5 77. Kb8 Re1 78. a8=Q 1-0

[Event "Late-Titled-Tuesday-Blitz-June-04-2024"]
[Site "Chess.com"]
[Date "2024.06.04"]
[Round "6"]
[White "ImportedItalianMaple"]
[Black "only_strong_moves"]
[Result "1-0"]
[WhiteElo "2563"]
[BlackElo "2672"]
[TimeControl "180+1"]
[EndTime "15:06:18 PDT"]
[Termination "ImportedItalianMaple won by resignation"]

1. e4 e5 2. Nc3 Nf6 3. Bc4 Nc6 4. d3 Bc5 5. f4 d6 6. Nf3 Ng4 7. f5 Bf2+ 8. Kf1 Ne3+ 9. Bxe3 Bxe3 10. Nd5 Bh6 11.
g4 Nd4 12. Nxd4 exd4 13. Qf3 c6 14. Nf4 Qg5 15. Nh5 Qd2 16. Qe2 Qxe2+ 17. Kxe2 g6 18.
Ng3 Bf4 19. Raf1 Be5 20. Rf3 a5 21. a4 Bd7 22. Rhf1 b5 23. Bb3 f6 24. h3 Rb8 25.
axb5 cxb5 26. Kd2 Ke7 27. Ne2 Rhf8 28. Nf4 Bxf4+ 29. Rxf4 g5 30. R4f2 Rh8 31. h4 h5 32.
hxg5 hxg4 33. g6 Kf8 34. Rg1 Rh4 35. Rfg2 Kg7 36. Rxg4 Rh2+ 37. R4g2 Rbh8 38. Bd5 a4 39. c3 dxc3+ 40. Kxc3 Rc8+ 41. Kb4 Rc2 42. Rxc2 Rxc2 43. Ka3 b4+ 44. Kxb4 Rxb2+ 45. Kc3 Rb5 46. Rh1 Rc5+ 47. Kd4 Rxd5+ 48. Kxd5 Bb5 49. d4 a3 50. Ra1 Bd3 51. Rxa3 Kh6 52. Rxd3 1-0

[Event "Late-Titled-Tuesday-Blitz-June-04-2024"]
[Site "Chess.com"]
[Date "2024.06.04"]
[Round "6"]
[White "albayo"]
[Black "Charodej1"]
[Result "1-0"]
[WhiteElo "2351"]
[BlackElo "2467"]
[TimeControl "180+1"]
[EndTime "15:06:18 PDT"]
[Termination "albayo won by resignation"]

1. Nf3 Nf6 2. c4 e6 3. g3 d5 4. Bg2 Be7 5. O-O O-O 6. Qc2 c5 7. d3 Nc6 8. Nbd2 b6 9. b3 Bb7 10. Bb2 Qc7 11. a3 Rac8 12. Rac1 Rfd8 13. Rfd1 d4 14.
Qb1 Qb8 15. Nf1 e5 16. e4 a6 17. Rc2 b5 18. Bc1 Rf8 19. Nh4 g6 20. Bh6 Rfe8 21. cxb5 axb5 22. Rdc1 Nd8 23. Bh3 Rc6 24. f4 c4 25.
bxc4 Bxa3 26. cxb5 Rb6 27. fxe5 Qxe5 28. Bf4 Qxb5 29. Qxb5 Rxb5 30. Ra1 Bb4 31. Rb1 Nc6 32. Nf3 Ra8 33. Bd6 Raa5 34. Bc7 Ra3 35. Rcb2 Rxd3 36.
N1d2 Bxd2 37. Rxb5 Be3+ 38. Kg2 Ba6 39. Rb8+ Kg7 40.
R8b3 Rxb3 41. Rxb3 Nxe4 42. Be5+ Nxe5 43. Nxe5 Be2 44.
Rb7 Ng5 45. Bd7 d3 46. Bb5 d2 47. Bxe2 Bd4 48. Nf3 Nxf3 49. Kxf3 1-0

[Event "Late-Titled-Tuesday-Blitz-June-04-2024"]
[Site "Chess.com"]
[Date "2024.06.04"]
[Round "6"]
[White "Alex_Banzea"]
[Black "Chessdude1987"]
[Result "1-0"]
[WhiteElo "2597"]
[BlackElo "2396"]
[TimeControl "180+1"]
[EndTime "15:06:19 PDT"]
[Termination "Alex_Banzea won on time"]

1. d4 e6 2. Nc3 d5 3. Bf4 Bd6 4. e3 f5 5. Nf3 Nf6 6. Bd3 O-O 7. O-O Ne4 8. Ne2 c5 9. c4 cxd4 10. Nexd4 Bxf4 11. exf4 Nc6 12. Rc1 Kh8 13. Nxc6 bxc6 14. Ne5 Bd7 15. cxd5 cxd5 16. Bxe4 fxe4 17. Qh5 Kg8 18.
g3 Rc8 19. h4 Qe7 20. Qe2 Qd6 21.
Qe3 Bc6 22. Qxa7 Bb5 23. Rfd1 Qa6 24. Qxa6 Bxa6 25. Nc6 Kf7 26. Nd4 Bd3 27. b3 Rfd8 28. f3 Rxc1 29. Rxc1 Ra8 30. a4 exf3 31. Nxf3 Rb8 32.
Ne5+ Kf6 33. Nxd3 Rxb3 34. Ne5 Rxg3+ 35. Kf2 Ra3 36. Nd7+ Ke7 37. Nb6 Ra2+ 38. Ke3 Ra3+ 39. Kd4 Rh3 40. Kc5 Rxh4 41. a5 Rxf4 42. a6 Rf8 43. a7 h5 44. a8=Q Rxa8 45. Nxa8 g5 46.
Nc7 Kf6 47. Re1 Kf5 48. Nxe6 1-0

[Event "Late-Titled-Tuesday-Blitz-June-04-2024"]
[Site "Chess.com"]
[Date "2024.06.04"]
[Round "6"]
[White "malti"]
[Black "Bkmzzzzz"]
[Result "0-1"]
[WhiteElo "2134"]
[BlackElo "2418"]
[TimeControl "180+1"]
[EndTime "15:06:19 PDT"]
[Termination "Bkmzzzzz won by resignation"]

1. e4 d6 2. d4 Nf6 3. Nc3 e5 4. dxe5 dxe5 5. Qxd8+ Kxd8 6. Bg5 Be6 7. f4 exf4 8. e5 h6 9. Bxf4 Nfd7 10. O-O-O a6 11.
Nf3 Nc6 12. Nd4 Nxd4 13. Rxd4 Bc5 14. Rd1 Ke7 15. Ne4 Rad8 16. Be2 Bb6 17. Bf3 Bf5 18. Ng3 Be6 19. Bxb7 g5 20. Bd2 Nxe5 21. Bxa6 Ra8 22. Bd3 Rxa2 23. Bb4+ c5 24. Ba3 Kf6 25. Rhf1+ Kg7 26.
Nh5+ Kf8 27. Bf5 Ra1+ 28. Kd2 Nc4+ 29. Ke2 Rxd1 30. Kxd1 Bxf5 31. Rxf5 Ne3+ 32. Ke2 Nxf5 33. Nf6 Bd8 34. Nd7+ Kg7 35. b3 Be7 36. g4 Nd4+ 37.
Ke3 Rc8 38. Nb6 Rc6 39. Nd5 Nxc2+ 40. Kd2 Nxa3 41. Nxe7 Re6 42. Nf5+ Kg6 43. Kc3 Re4 44. Nd6 Rxg4 45. Nb7 Nb5+ 46. Kc2 Rg2+ 47. Kd3 Rxh2 48. Nxc5 g4 49. Kc4 Nc7 50. Nd3 Rc2+ 51. Kd4 g3 52. Ne5+ Kf5 53. Nf3 g2 54. Ke3 h5 55. Nd4+ Kg4 0-1

[Event "Late-Titled-Tuesday-Blitz-June-04-2024"]
[Site "Chess.com"]
[Date "2024.06.04"]
[Round "6"]
[White "fpawn"]
[Black "AsaHoffmann"]
[Result "1-0"]
[WhiteElo "2420"]
[BlackElo "2263"]
[TimeControl "180+1"]
[EndTime "15:06:26 PDT"]
[Termination "fpawn won by resignation"]

1. e4 d6 2. Nc3 c6 3. d4 a6 4. f4 d5 5. e5 h5 6. Bd3 g6 7.
Be3 Nh6 8. Nf3 Bf5 9. O-O e6 10. Qd2 Ng4 11. Nd1 c5 12. c3 Nc6 13. dxc5 a5 14.
Bd4 a4 15. h3 Nh6 16. Ne3 Qa5 17. Nxf5 Nxf5 18. Bxf5 gxf5 19. Qf2 Qb5 20. Rfb1 Bh6 21. Ne1 Rg8 22. b4 Qc4 23. Rd1 h4 24. Nc2 Rg3 25. Ne3 Qb5 26. Nf1 Nxd4 27. cxd4 Rd3 28. Qxh4 Bf8 29.
Rxd3 Qxd3 30. Qf2 Qc3 31. Rb1 a3 32. Qe3 Qc4 33. Qd2 Bh6 34. Rc1 Qb5 35. g3 Ra4 36.
Rb1 Kd7 37. Kf2 Ke7 38. Rb3 f6 39. exf6+ Kxf6 40. Qe1 Kf7 41. Ne3 Bg7 42. Nc2 Qc4 43. Qc3 Qb5 44. Qd3 Qc6 45. g4 fxg4 46. hxg4 Qe8 47. f5 Qh8 48. fxe6+ Ke7 49. Qg3 Bxd4+ 50.
Nxd4 Qxd4+ 51. Kg2 Qe4+ 52. Qf3 Kxe6 53. Re3 Rxb4 54. Rxe4+ Rxe4 55. Qf5+ Ke7 56. Qxd5 Re2+ 57. Kf3 Rc2 58. Qxb7+ Ke6 59. Qb3+ 1-0

[Event "Late-Titled-Tuesday-Blitz-June-04-2024"]
[Site "Chess.com"]
[Date "2024.06.04"]
[Round "6"]
[White "pirulillo"]
[Black "zacachess"]
[Result "1-0"]
[WhiteElo "2381"]
[BlackElo "2515"]
[TimeControl "180+1"]
[EndTime "15:06:29 PDT"]
[Termination "pirulillo won on time"]

1. e4 c5 2. Nf3 d6 3. d4 cxd4 4. Nxd4 Nf6 5. Nc3 Nc6 6. Be2 e5 7. Nf3 h6 8. O-O Be7 9. Re1 O-O 10. Bf1 Be6 11. h3 a6 12. b3 b5 13. Bb2 Rc8 14.
a4 b4 15. Nd5 a5 16. Bc4 Nb8 17. Qe2 Nbd7 18. Rad1 Bxd5 19. Bxd5 Nxd5 20. exd5 Qc7 21. Nd4 exd4 22. Qxe7 Ne5 23. Qxc7 Rxc7 24. Bxd4 f6 25. Rd2 Rfc8 26. Ree2 Nd7 27. Re6 Rxc2 28. Rxc2 Rxc2 29. Rxd6 Nc5 30. Kh2 Nxb3 31. Bb6 Ra2 32. Rd8+ Kf7 33. d6 Rd2 34. Bc7 Rd5 35. Ra8 Nc5 36. Rxa5 b3 37.
Rb5 Ke6 38. a5 Nd7 39. Rxb3 Rd2 40. Re3+ Kd5 41. Ra3 Rxf2 42. a6 h5 43. a7 Ne5 44.
a8=Q+ Ke6 45. Qe4 g5 46. Rf3 Rd2 47. Qf5+ Kd5 48. Qxf6 Nxf3+ 49. Qxf3+ 1-0

[Event "Late-Titled-Tuesday-Blitz-June-04-2024"]
[Site "Chess.com"]
[Date "2024.06.04"]
[Round "6"]
[White "DeTimmerman"]
[Black "BogdanDeac"]
[Result "1/2-1/2"]
[WhiteElo "2778"]
[BlackElo "3006"]
[TimeControl "180+1"]
[EndTime "15:06:31 PDT"]
[Termination "Game drawn by repetition"]

1. b4 c6 2. Bb2 Qb6 3. a3 a5 4. c4 axb4 5. c5 Qd8 6. axb4 Rxa1 7. Bxa1 d6 8. d4 Nf6 9. e3 g6 10. Nf3 Bg7 11. Be2 Nd5 12. Qb3 Be6 13. Qa3 O-O 14. O-O Nd7 15. Nc3 Qa8 16. Qxa8 Rxa8 17. Nxd5 Bxd5 18.
cxd6 exd6 19. Bc3 Ra3 20. Rc1 b5 21. Be1 f5 22. Nd2 Kf7 23. Bf3 Ke6 24. Rxc6 Bxc6 25.
Bxc6 f4 26. d5+ Ke7 27. exf4 Bc3 28. Kf1 Bxb4 29. Bxb5 Ra1 30. Ke2 Nc5 31. Bc4 Na4 32. Nf3 Bxe1 33. Nxe1 Nb6 34. Bb3 Rb1 35. Bc2 Rb2 36.
Kf3 Nxd5 37. f5 g5 38. g4 Nf6 39. h3 d5 40. Ke3 Kd6 41. f4 h6 42. fxg5 hxg5 43. Kd2 Ra2 44. Nf3 Ne4+ 45. Kc1 Kc5 46. f6 Nxf6 47. Nxg5 Kc4 48. Kd2 Ne4+ 49. Nxe4 dxe4 50.
h4 e3+ 51. Kxe3 Rxc2 52. Ke4 Kc5 53. Ke5 Rg2 54. g5 Kc6 55. Kf6 Kd7 56. g6 Ke8 57. g7 Rf2+ 58. Kg6 Rg2+ 59. Kf6 Rf2+ 60. Kg6 Rg2+ 61. Kf6 1/2-1/2

[Event "Late-Titled-Tuesday-Blitz-June-04-2024"]
[Site "Chess.com"]
[Date "2024.06.04"]
[Round "6"]
[White "Bilan_Danila"]
[Black "Rital44"]
[Result "1-0"]
[WhiteElo "2568"]
[BlackElo "2689"]
[TimeControl "180+1"]
[EndTime "15:06:31 PDT"]
[Termination "Bilan_Danila won by resignation"]

1. d4 f5 2. Nf3 Nf6 3. g3 g6 4. Bg2 Bg7 5. O-O O-O 6. c4 d6 7.
Nc3 c6 8. d5 e5 9. dxe6 Bxe6 10. Bf4 Bxc4 11. Bxd6 Re8 12. Ne5 Be6 13. Qd2 Nbd7 14. Rad1 Nb6 15. Bc5 Nbd5 16. Nxd5 Nxd5 17. Bd4 c5 18. Bxc5 Bxe5 19. Bxd5 Bxd5 20. Qxd5+ Qxd5 21. Rxd5 Bxb2 22. e3 b6 23. Bd4 Bxd4 24. Rxd4 Rad8 25. Rfd1 Rxd4 26. Rxd4 Re5 27. a4 Ra5 28. f3 Kg7 29. g4 Kf6 30. Kf2 Ke5 31. Kg3 Rd5 32. Rc4 Rc5 33.
Rd4 Ke6 34. Kf4 h6 35. h4 Rc2 36. h5 g5+ 37. Kg3 Rc3 38. gxf5+ Kxf5 39. Rd7 Rxe3 40. Rf7+ Ke6 41. Rxa7 Ra3 42. Rb7 Rb3 43. a5 b5 44. a6 Ra3 45. a7 Kf6 46. Kf2 b4 47. Ke2 b3 48. Kd2 Kf5 49. Kc3 Kf4 50. Rf7+ Kg3 51.
Kb2 Ra6 52. Kxb3 Kh4 53. Kb4 Kxh5 54. Kb5 Ra1 55. Kb6 Rb1+ 56. Kc7 Ra1 57. Kb8 Kh4 58. a8=Q Rxa8+ 59. Kxa8 h5 60. Kb7 Kg3 61. Kc6 h4 62. Kd5 h3 63. Ke4 g4 64. Rg7 h2 65. Rxg4+ Kh3 66.
Rg8 h1=Q 67. Rh8+ Kg2 68. Rxh1 Kxh1 69. f4 1-0

[Event "Late-Titled-Tuesday-Blitz-June-04-2024"]
[Site "Chess.com"]
[Date "2024.06.04"]
[Round "6"]
[White "Bugcrusher"]
[Black "BabageldiAnnaberdiyev"]
[Result "0-1"]
[WhiteElo "2435"]
[BlackElo "2622"]
[TimeControl "180+1"]
[EndTime "15:06:32 PDT"]
[Termination "BabageldiAnnaberdiyev won by resignation"]

1. d4 e6 2. e4 d5 3. e5 c5 4. c3 Nc6 5. Nf3 Qb6 6. Na3 cxd4 7. cxd4 Nge7 8. Bd3 Nf5 9. Nc2 Bd7 10. O-O Rc8 11.
a3 a5 12. Rb1 Be7 13. b4 axb4 14. axb4 O-O 15. b5 Na5 16. Ne3 Nc4 17. Nxf5 exf5 18. Re1 h6 19. h4 Be6 20. h5 Rfd8 21. Bf4 Bf8 22. Qe2 Ra8 23. Ra1 Rxa1 24. Rxa1 Qxb5 25. Nh4 Qd7 26. Qc2 Rc8 27. Bxf5 Nxe5 28. Qb1 Nc6 29. Bxe6 Qxe6 30. Qxb7 Nxd4 31. Be3 Nf5 32. Nxf5 Qxf5 33. Rd1 Rd8 34. Qc7 Qd7 35. Qxd7 Rxd7 36. Bd4 g6 37. hxg6 fxg6 38. g4 Bg7 39. Kg2 Bxd4 40. Rxd4 Kf7 41. f4 Kf6 42. Kf3 h5 43. gxh5 gxh5 44. Ra4 Rb7 45. Ra6+ Kf5 46. Rh6 Rb3+ 47. Ke2 Rh3 48.
Rd6 Ke4 49. f5 Rh2+ 50. Kf1 Rh4 51. Kg2 Rf4 52. f6 d4 53. Kg3 h4+ 54. Kh3 d3 55. Re6+ Kd4 56. Rd6+ Ke3 57. Re6+ Kf2 58. Rd6 Ke2 59.
Re6+ Kd1 60. f7 d2 61. Re4 Rxf7 62. Kxh4 Rc7 0-1

[Event "Late-Titled-Tuesday-Blitz-June-04-2024"]
[Site "Chess.com"]
[Date "2024.06.04"]
[Round "6"]
[White "AradNazari"]
[Black "Der_Honigdachs"]
[Result "1/2-1/2"]
[WhiteElo "2715"]
[BlackElo "2538"]
[TimeControl "180+1"]
[EndTime "15:06:32 PDT"]
[Termination "Game drawn - insufficient material"]

1. Na3 d5 2. c3 e5 3. d4 e4 4. Nc2 Bd6 5. e3 Nf6 6. c4 c6 7. b4 O-O 8. b5 cxb5 9. c5 Be7 10.
Ne2 Nc6 11. Nf4 a6 12. Be2 g5 13. Nh5 Nxh5 14. Bxh5 f5 15. a4 b4 16. a5 Be6 17.
Bd2 Nxa5 18. Nxb4 Nc4 19. Bc3 f4 20. exf4 gxf4 21. Bg4 Qd7 22. Bxe6+ Qxe6 23. Qh5 Rf5 24. Qh3 f3 25. Rg1 Kh8 26. O-O-O Qf7 27. Rde1 a5 28.
Nc2 Bg5+ 29. Kb1 b6 30. c6 b5 31. Qg4 b4 32. Ba1 b3 33. Ne3 Bxe3 34. gxf3 Bxf2 35. fxe4 dxe4 36. d5+ b2 37. Qxe4 bxa1=Q+ 38. Kxa1 Bxe1 39. Qxc4 Qf6+ 40. Ka2 Rf2+ 41. Ka3 Qb2+ 42. Ka4 Qb4+ 43. Qxb4 axb4+ 44. Kb5 Rf5 45. Rxe1 Rxd5+ 46. Kb6 Rdd8 47. c7 Rf8 48. Kb7 Rae8 49. Rb1 Rf7 50. Rxb4 Kg7 51.
Rc4 Kf6 52. Rf4+ Kg6 53. Rxf7 Kxf7 54. c8=Q Rxc8 55. Kxc8 Kf6 56. Kd7 Kf5 57. Kd6 h5 58. Kd5 Kf4 59. Kd4 Kf3 60. h4 Kg4 61. Ke3 Kxh4 62.
Kf2 Kg4 63. Kg1 h4 64. Kh1 h3 65. Kh2 Kh4 66. Kh1 h2 67. Kxh2 1/2-1/2

[Event "Late-Titled-Tuesday-Blitz-June-04-2024"]
[Site "Chess.com"]
[Date "2024.06.04"]
[Round "6"]
[White "RealPerangel"]
[Black "dropstoneDP"]
[Result "0-1"]
[WhiteElo "2745"]
[BlackElo "2964"]
[TimeControl "180+1"]
[EndTime "15:06:34 PDT"]
[Termination "dropstoneDP won by resignation"]

1. e4 e5 2. d4 exd4 3. Qxd4 Nc6 4. Qe3 Nf6 5. Bd2 Bb4 6. c3 Be7 7. c4 O-O 8. Nc3 Re8 9. O-O-O Bb4 10. f3 Ne5 11.
Nh3 c6 12. Qe1 d5 13. cxd5 Bxh3 14. f4 Ng6 15. gxh3 Bxc3 16. Bxc3 Nxe4 17. dxc6 Qc7 18. Bg2 Qxc6 19. Bxe4 Rxe4 20. Qg3 Rae8 21. f5 Re3 22. Qf2 Rxc3+ 23. bxc3 Qxc3+ 24. Kb1 Ne5 25. Rhe1 f6 26. Qxa7 Qb4+ 27. Ka1 Qc3+ 28. Kb1 Qxh3 29. Qf2 Qc3 30. Re4 Rc8 31. Qb2 Qf3 32. Qb3+ Qxb3+ 33. axb3 Rc3 34.
Kb2 Rf3 35. Rd2 Rxf5 36. Rb4 b5 37. Rd8+ Kf7 38. Kc3 Rf3+ 39. Kc2 Nc6 40. Rd7+ Ke6 41. Rxb5 Kxd7 42. Rb7+ Ke6 43. Rxg7 Rh3 44. b4 Nxb4+ 45. Kd2 Nd5 46. Ke2 Nf4+ 47. Kf2 Rxh2+ 48. Kf3 Ng6 49. Kg3 Rh5 50. Ra7 Rg5+ 51. Kh3 Ne7 52. Ra6+ Kf7 53.
Ra7 Rg6 54. Kh4 Rg1 55. Rb7 Re1 56. Kg4 Kg6 57. Rb5 Re5 0-1

[Event "Late-Titled-Tuesday-Blitz-June-04-2024"]
[Site "Chess.com"]
[Date "2024.06.04"]
[Round "6"]
[White "margarita_2703"]
[Black "dealshark"]
[Result "1-0"]
[WhiteElo "2285"]
[BlackElo "2396"]
[TimeControl "180+1"]
[EndTime "15:06:34 PDT"]
[Termination "margarita_2703 won by resignation"]

1. e4 c6 2. d4 d5 3. e5 c5 4.
dxc5 e6 5. c3 Bxc5 6. Qg4 Ne7 7. Bd3 Nbc6 8. Nf3 g6 9. b4 Bb6 10.
a3 Qc7 11. Bf4 Nf5 12. Nbd2 h5 13. Qh3 Bd7 14. g4 Ng7 15. c4 dxc4 16. Nxc4 Nd4 17. Nd6+ Ke7 18. Bg5+ Kf8 19. Nxd4 Bxd4 20. Rc1 Qb6 21.
Qf3 Nf5 22. gxf5 gxf5 23. Be3 Bc6 24. Bxd4 Bxf3 25. Bxb6 Bxh1 26. Bc5 Kg7 27. Ke2 Bd5 28. Nc4 b6 29. Be3 Rac8 30. Nd6 Rxc1 31. Bxc1 Rg8 32. Bg5 Kf8 33. Bf6 Rg2 34. Nc8 Rxh2 35. Nxa7 Rh1 36.
Nc8 h4 37. Nxb6 Bg2 38. Bxh4 Rxh4 39. Nc4 Bd5 40. Ne3 Rh1 41. Nxd5 exd5 42. a4 Ra1 43. a5 Ke7 44. a6 Kd7 45. Bxf5+ Kc6 46. Bd3 Kb6 47.
b5 Kc5 48. Ke3 Ra4 49. f4 Ra5 50. f5 Ra4 51. e6 fxe6 52. fxe6 Kd6 53. b6 Kc6 54. b7 Kc7 55. e7 Kb8 56. e8=Q+ 1-0